Map: 세라스 폐허

Players

GOT - Winner!

  • Race: Protoss Protoss
  • League: Grandmaster

Emperador

  • Race: Zerg Zerg
  • League: Grandmaster

VOD

Have the link to the VOD?

Description

Time

  • Played on: March 10, 2016, 7:04 a.m.
  • Length: 6:55
Show
View Real Time Build Order
Export as new Build Order

GOT Protoss - Winner!

Build Orders: Nexus First 

Get SALT Encoding   

  12  0:01  Probe (Chrono Boost)  
  13  0:11  Probe (Chrono Boost)  
  14  0:20  Pylon  
  14  0:23  Probe (Chrono Boost)  
  15  0:38  Probe (Chrono Boost)  
  16  0:49  Probe (Chrono Boost)  
  17  1:00  Nexus  
  17  1:10  Gateway  
  17  1:14  Probe (Chrono Boost)  
  18  1:20  Assimilator  
  18  1:25  Probe (Chrono Boost)  
  19  1:31  Assimilator  
  19  1:35  Probe (Chrono Boost)  
  20  1:46  Probe (Chrono Boost)  
  21  1:51  Gateway  
  21  1:56  Probe (Chrono Boost)  
  21  1:57  Cybernetics Core  
  22  2:04  Pylon  
  22  2:07  Probe (Chrono Boost)  
  23  2:13  Probe (Chrono Boost)  
  24  2:17  Probe (Chrono Boost)  
  25  2:24  Probe (Chrono Boost)  
  25  2:28  Probe (Chrono Boost)  
  27  2:35  Probe (Chrono Boost)  
  27  2:36  Adept (Chrono Boost)  
  30  2:40  Adept (Chrono Boost)  
  30  2:42  Probe  
  33  2:44  Warp Gate  
  33  2:46  Probe  
  34  2:54  Probe (Chrono Boost)  
  34  2:58  Twilight Council, Probe (Chrono Boost)  
  36  3:06  Probe (Chrono Boost)  
  36  3:09  Probe (Chrono Boost)  
  40  3:14  Adept  
  40  3:17  Probe (Chrono Boost), Pylon  
  42  3:20  Probe (Chrono Boost)  
  42  3:27  Robotics Facility, Probe (Chrono Boost)  
  42  3:32  Probe (Chrono Boost)  
  44  3:38  Probe (Chrono Boost)  
  45  3:43  Resonating Glaives (Chrono Boost)  
  45  3:52  Probe (Chrono Boost)  
  42  3:59  Gateway  
  42  4:01  Gateway  
  42  4:03  Gateway  
  42  4:04  Mothership Core (Chrono Boost)  
  44  4:14  Warp Prism (Chrono Boost)  
  46  4:18  Adept x2  
  46  4:23  Pylon  
  50  4:31  Gateway  
  50  4:35  Gateway  
  50  4:36  Pylon  
  50  4:45  Gateway  
  50  4:47  Gateway  
  50  4:57  Gateway  
  50  5:06  Observer (Chrono Boost)  
  51  5:12  Adept x2  
  51  5:13  Adept x3  
  61  5:26  Pylon x2  
  61  5:30  Adept x2, Pylon  
  61  5:33  Adept x2  
  69  5:44  Adept x3  
  75  5:52  Adept x2  
  69  6:06  Adept x4  
  69  6:10  Adept  
  79  6:16  Adept x2  
  79  6:27  Adept x4  
  79  6:29  Adept  
  79  6:30  Adept  
  91  6:44  Adept x2  
Show
View Real Time Build Order
Export as new Build Order

Emperador Zerg 

Build Orders: Hatch First 

Get SALT Encoding   

  12  0:01  Drone  
  13  0:10  Drone  
  14  0:20  Overlord  
  14  0:39  Drone x3  
  17  0:53  Hatchery  
  16  0:57  Drone  
  16  1:01  Drone  
  18  1:11  Extractor  
  18  1:16  Spawning Pool  
  16  1:19  Drone  
  16  1:22  Drone  
  18  1:33  Drone  
  19  1:45  Drone  
  20  1:51  Hatchery  
  19  1:56  Drone  
  20  2:03  Queen  
  22  2:11  Queen  
  24  2:18  Overlord  
  24  2:26  Metabolic Boost  
  24  2:29  Drone  
  25  2:32  Drone  
  25  2:33  Drone  
  25  2:37  Drone  
  28  2:40  Drone  
  29  2:47  Queen  
  29  2:51  Zergling x2  
  32  2:52  Zergling x2  
  32  2:56  Drone  
  34  2:58  Drone  
  34  3:01  Drone  
  34  3:04  Overlord  
  36  3:05  Drone  
  36  3:10  Drone  
  36  3:12  Drone x2  
  40  3:13  Drone  
  40  3:18  Zergling x2  
  42  3:20  Overlord  
  42  3:23  Zergling x2  
  42  3:26  Drone x2  
  45  3:30  Drone, Extractor  
  45  3:32  Zergling x2  
  47  3:34  Drone  
  47  3:38  Overlord  
  47  3:40  Drone  
  48  3:48  Drone x3  
  48  3:51  Drone  
  48  3:52  Drone x2  
  49  3:56  Drone x2  
  49  3:58  Drone  
  49  3:59  Drone  
  49  4:02  Drone x2  
  55  4:07  Drone x2  
  57  4:10  Drone x2  
  57  4:13  Overlord  
  59  4:18  Drone  
  59  4:24  Baneling Nest  
  59  4:29  Evolution Chamber, Drone  
  59  4:30  Evolution Chamber, Drone x3  
  61  4:33  Drone x4  
  61  4:35  Drone  
  66  4:40  Spore Crawler  
  66  4:41  Spore Crawler  
  66  4:43  Spore Crawler  
  66  4:44  Drone  
  66  4:45  Drone  
  65  4:48  Overlord  
  65  4:52  Extractor  
  64  4:53  Extractor, Zergling x2  
  64  4:54  Zergling x4  
  64  4:59  Overlord  
  66  5:04  Drone x2  
  66  5:06  Zergling x2  
  69  5:08  Zergling x4  
  69  5:10  Zergling x2  
  69  5:12  Zergling x4  
  74  5:14  Zergling x4  
  74  5:15  Zergling x8  
  74  5:16  Baneling x2  
  74  5:17  Baneling x5  
  74  5:19  Overlord  
  80  5:22  Zergling x2  
  80  5:25  Zergling x2  
  80  5:27  Spine Crawler  
  81  5:29  Spine Crawler  
  81  5:30  Zergling x2  
  81  5:31  Spine Crawler  
  81  5:34  Zergling x4  
  81  5:35  Roach Warren  
  81  5:36  Zergling x2  
  81  5:42  Zergling x6  
  84  5:44  Baneling x3  
  84  5:48  Zergling x4  
  61  6:04  Zergling x2  
  61  6:05  Zergling x14  
  58  6:16  Queen  
  58  6:17  Zergling x2  
  58  6:18  Roach x3  
  66  6:19  Roach  
  66  6:23  Baneling x4  
  66  6:25  Roach x2  
  70  6:26  Baneling x3  
  70  6:27  Baneling  
  70  6:31  Roach  
  70  6:32  Baneling x3  
  71  6:33  Baneling x2  
  71  6:36  Zergling x2  
Tags
 
Add a new tag
Caveats
  • Supply blocks, unpowered buildings, or Contaminate may cause inaccurate times.
  • Supply counts are checked every 10 seconds.